 Dungeon Crawl Stone Soup version 0.20-a0-1025-g4706f7e (webtiles) character file.

106 Gorglomux the Insei (level 4, -1/34 HPs)
             Began as a Demigod Transmuter on Apr 19, 2017.
             Slain by an orc
             ... wielding a +0 trident
              (4 damage)
             ... on level 3 of the Dungeon.
             The game lasted 00:04:25 (2188 turns).

Gorglomux the Insei (Demigod Transmuter)            Turns: 2188, Time: 00:04:25

Health: -1/34      AC:  4    Str: 13    XL:     4   Next: 30%
Magic:  3/9        EV: 12    Int: 19    God:
Gold:   27         SH:  0    Dex: 16    Spells: 3/6 levels left

rFire    . . .     SeeInvis .     - Unarmed
rCold    . . .     Gourm    .   (no shield)
rNeg     . . .     Faith    .   b - +0 robe
rPois    .         Spirit   .   (no helmet)
rElec    .         Reflect  .   (no cloak)
rCorr    .         Harm     .   f - +1 pair of gloves
MR       .....     Rnd*Tele +   (no boots)
Stlth    +.........             (no amulet)
Regen    0.2/turn               h - ring of teleportation (curse) {+/*tele, !d}
MPRegen  0.2/turn               (no ring)

@: very slightly contaminated
A: high mp 1
a: no special abilities


You were on level 3 of the Dungeon.
You were not hungry.

You visited 1 branch of the dungeon, and saw 3 of its levels.

You collected 27 gold pieces.

Inventory:

Missiles
 a - 14 arrows
Armour
 b - a +0 robe (worn)
 f - a +1 pair of gloves (worn)
   (You found it on level 2 of the Dungeon)
Jewellery
 h - a cursed ring of teleportation (left hand) {+/*tele, !d}
   (You found it on level 1 of the Dungeon)
Potions
 e - a potion of cancellation
 i - 2 potions of heal wounds
 j - 2 potions of flight {unknown}
 k - a potion of lignification {unknown}
 l - a potion of ambrosia {unknown}
Books
 c - a book of Changes
Comestibles
 d - 2 bread rations {@e1@e1}
 g - a meat ration {@e2@e2}
 m - 2 chunks of flesh {@w0@w0}
 n - a royal jelly


   Skills:
 - Level 0.8 Fighting
 - Level 1.7 Dodging
 + Level 4.9 Unarmed Combat
 - Level 1.7 Spellcasting
 - Level 1.7 Transmutations


You had 3 spell levels left.
You knew the following spells:

 Your Spells              Type           Power        Failure   Level  Hunger
a - Beastly Appendage     Tmut           #.....       9%          1    #......
s - Sticks to Snakes      Tmut           #.......     13%         2    ###....


Dungeon Overview and Level Annotations

Branches:
Dungeon (3/15)


Innate Abilities, Weirdness & Mutations

You have an increased reservoir of magic. (+10% MP)


Message History

A quokka is nearby!
You grow a pair of large bovine horns.
You now have 8/9 mp.
Unknown command.
The quokka bites you. The quokka misses you.
You take 1 damage, and have 33/34 hp.
You hit the quokka.
You headbutt the quokka, but do no damage.
The quokka closely misses you.
You punch the quokka!
You kill the quokka!
No target in view!
You see here a quokka corpse.
Health restored: 34 You butcher the quokka corpse.
m - 2 chunks of flesh {@w0@w0}
Okay, then.
Your transformation is almost over.
Your horns disappear.
An orc comes into view. It is wielding a hand axe.
MP restored: 9 An orc is nearby!
Unknown command.
An orc is nearby!
Unknown command.
An orc is nearby!
Unknown command.
Your feet morph into talons.
You now have 8/9 mp. 2 orcs come into view.
The orc shouts! x2; You hear an angry hiss.
You hear a shout!
The orc hits you with a hand axe.
An adder comes into view.
You take 3 damage, and have 31/34 hp.
The adder hisses angrily.
You hit the orc. You claw the orc, but do no damage.
An orc comes into view. It is wielding a trident.
You hit the orc. You closely miss the orc. Your kick misses the orc.
Your transformation is almost over.
The orc misses you.
You miscast Sticks to Snakes.
You are very lightly contaminated with residual magic.
Nothing appears to happen.
The orc barely misses you.
You now have 6/9 mp.
Casting: Sticks to Snakes You create a snake!
You now have 15 arrows.
The orc hits you with a hand axe.
You take 4 damage, and have 27/34 hp.
You now have 4/9 mp.
Unknown command.
You closely miss the orc.
Your adder bites the orc.
The orc dies!
The orc closely misses you.
The orc hits you from afar with a trident.
You take 6 damage, and have 21/34 hp.
The orc completely misses your adder. What are your orders? t - Shout!
Orders for allies: a - Attack new target. r - Retreat! s - Stop attacking. g - Guard the area. f - Follow me.
Anything else - Cancel.
Retreat in which direction?
Fall back!
You closely miss the orc. Your kick misses the orc.
The orc hits you with a hand axe.
The orc hits you from afar with a trident.
You take 5 damage, and have 17/34 hp.
What are your orders? t - Shout!
Orders for allies: a - Attack new target. r - Retreat! s - Stop attacking. g - Guard the area. f - Follow me.
Anything else - Cancel.
Gang up on whom?
Aim: an orc, wielding a hand axe and wearing a leather armour Attack!
Your talons disappear.
The orc hits you with a hand axe. The orc closely misses your adder.
You take 5 damage, and have 12/34 hp.
Casting: Sticks to Snakes You miscast Beastly Appendage.
Strange energies run through your body. The orc closely misses you.
Your adder bites the orc.
The orc is poisoned.
Your adder poisons the orc!
The orc hits you with a hand axe.
* * * LOW HITPOINT WARNING * * *
The orc closely misses your adder.
You take 3 damage, and have 9/34 hp.
You now have 4/9 mp.
You hit the orc. The orc hits you but does no damage.
Your adder bites the orc but does no damage.
You hit the orc but do no damage. The orc hits you but does no damage.
The orc misses your adder.
Your adder barely misses the orc.
The orc hits you from afar with a trident.
* * * LOW HITPOINT WARNING * * *
You take 6 damage, and have 3/34 hp.
Unknown command.
The orc dies!
Unknown command.
You create a snake!
You now have 14 arrows.
The orc hits you from afar with a trident.
You die...

###### .....# .###.#
.###.### ########
.......###......####
.###..............S#######
.# ###.###.####.@S).......
.# #.# #.# ####o###### .#
#.# #.# #.# .## #.###.#
#S# ..# #.#...# ... #.#
#<#.### ..# #.# #.#.# #.##
#.# #.#.# #. #.# #.#.# #.


You could see an orc, a friendly adder and a friendly ball python.

Vanquished Creatures
  2 adders (D:2)
  An ooze (D:1)
  4 dart slugs
  2 leopard geckos
  A ball python (D:1)
  5 goblins
  8 hobgoblins
  7 jackals (D:2)
  4 kobolds
  A quokka (D:3)
  2 bats
  4 frilled lizards
  2 rats
43 creatures vanquished.

Vanquished Creatures (collateral kills)
  3 adders (D:2)
  2 orcs (D:3)
  A giant cockroach (D:2)
  A hobgoblin (D:1)
  A kobold (D:2)
  A rat (D:2)
9 creatures vanquished.

Grand Total: 52 creatures vanquished

Notes
Turn   | Place    | Note
-------+----------+-------------------------------------------
     0 | D:1      | Gorglomux the Demigod Transmuter began the quest for the Orb.
     0 | D:1      | Reached XP level 1. HP: 15/15 MP: 5/5
    11 | D:1      | Reached skill level 3 in Unarmed Combat
   250 | D:1      | Reached XP level 2. HP: 10/22 MP: 5/7
   323 | D:1      | Learned a level 2 spell: Sticks to Snakes
  1108 | D:2      | Reached XP level 3. HP: 27/27 MP: 6/8
  1152 | D:2      | Reached skill level 4 in Unarmed Combat
  1533 | D:2      | HP: 3/27 [adder (5)]
  1535 | D:2      | HP: 1/27 [poisoned by an adder]
  1743 | D:2      | Reached XP level 4. HP: 17/34 MP: 9/9
  2186 | D:3      | HP: 3/34 [orc/trident (6)]
  2188 | D:3      | Slain by an orc

Vault maps used:
D:1:      minmay_arrival_four_houses, minmay_misc_feat_room
D:2:      minmay_cut_off
D:3:      makhleb_heckhound_becter, old_standard_altar

Skill      XL: |  1  2  3 |
---------------+----------+-----
Unarmed Combat | 3 4 |  4.9
Fighting       | |  0.8
Dodging        | |  1.7
Spellcasting   | |  1.7
Transmutations | |  1.7

Action                   |  1- 3 |  4- 6 || total
-------------------------+-------+-------++-------
Melee: Unarmed           |   128 |    15 ||   143
       Headbutt          |     9 |     2 ||    11
       Kick              |    14 |     1 ||    15
       Punch             |     2 |       ||     2
 Cast: Beastly Appendage |    22 |     6 ||    28
       Sticks to Snakes  |     8 |     2 ||    10
  Use: Potion            |     2 |       ||     2
       Scroll            |       |     1 ||     1
 Stab: Sleeping          |     2 |       ||     2
  Eat: Chunk             |     4 |     1 ||     5
Armor: Robe              |    28 |     2 ||    30
Dodge: Dodged            |    97 |     9 ||   106

Vault maps used:
D:1:      minmay_arrival_four_houses, minmay_misc_feat_room
D:2:      minmay_cut_off
D:3:      makhleb_heckhound_becter, old_standard_altar

Table legend:
 A = Turns spent in this place as a percentage of turns spent in the entire game.
 B = Non-inter-level travel turns spent in this place as a percentage of non-inter-level travel turns spent in the entire game.
 C = Inter-level travel turns spent in this place as a percentage of turns spent in this place.
 D = Turns resting spent in this place as a percentage of non-inter-level travel turns spent in this place.
 E = Turns spent auto-exploring this place as a percentage of non-inter-level travel turns spent in this place.
 F = Non-inter-level travel turns spent in this place divided by the number of levels of this place that you've seen.
                   A       B       C       D       E      F
               +-------+-------+-------+-------+-------+----------------------
         Total | 100.0 | 100.0 |   0.3 |   3.4 |   8.4 | 203.3
       Dungeon | 100.0 | 100.0 |   0.3 |   3.4 |   8.4 | 203.3
               +-------+-------+-------+-------+-------+----------------------

Table legend:
 A = Kills in this place as a percentage of kills in entire the game.
 B = Kills by you in this place as a percentage of kills by you in the entire game.
 C = Kills by friends in this place as a percentage of kills by friends in the entire game.
 D = Other kills in this place as a percentage of other kills in the entire game.
 E = Experience gained in this place as a percentage of experience gained in the entire game.
 F = Experience gained in this place divided by the number of levels of this place that you have seen.
                   A       B       C       D       E      F
               +-------+-------+-------+-------+-------+----------------------
         Total | 100.0 | 100.0 | 100.0 |  -nan | 100.0 |  50.7
       Dungeon | 100.0 | 100.0 | 100.0 |  -nan | 100.0 |  50.7
               +-------+-------+-------+-------+-------+----------------------
